 Dungeon Crawl Stone Soup version 0.18-a0-1497-g788d838 (webtiles) character file.

686 Ijustatesigmund the Insei (level 7, 0/48 HPs)
             Began as an Octopode Transmuter on Mar 4, 2016.
             Was a Follower of Cheibriados.
             Slain by an orc warrior
             ... wielding a +0 flail
              (14 damage)
             ... on level 7 of the Dungeon.
             The game lasted 00:18:32 (7124 turns).

Ijustatesigmund the Insei (Octopode Transmuter)     Turns: 7124, Time: 00:18:32

Health: 0/48       AC:  1    Str: 12    XL:     7   Next: 62%
Magic:  3/10       EV: 13    Int: 20    God:    Cheibriados [*.....]
Gold:   364        SH:  0    Dex: 16    Spells: 3 memorised, 4 levels left

rFire  . . .     SeeInvis .       - Unarmed
rCold  . . .     Gourm    .     (no shield)
rNeg   + . .     Faith    .     (helmet restricted)
rPois  .         Spirit   .     (no amulet)
rElec  .         Dismiss  .     f - +1 ring of evasion
rCorr  .         Reflect  .     n - ring of flight
SustAt .         Harm     .     q - ring of positive energy
MR     .....                    (no ring)
Stlth  ++........               (no ring)
                                (no ring)
                                (no ring)
                                (no ring)

@: appendage, flying, slowed, very slow, not resistant to hostile enchantments,
unstealthy
A: almost no armour, amphibious, 8 rings, constrict 8, tentacle spike 3,
camouflage 1, gelatinous body 1
a: End Transformation, Bend Time, Renounce Religion


You were on level 7 of the Dungeon.
You worshipped Cheibriados.
Cheibriados was aware of your devotion.
You were not hungry.
One of your tentacles had a temporary spike.
You visited 2 branches of the dungeon, and saw 8 of its levels.

You collected 364 gold pieces.

Inventory:

Missiles
 a - 78 arrows
Jewellery
 f - a +1 ring of evasion (left tentacle)
 n - a ring of flight (right tentacle)
 q - a ring of positive energy (on tentacle)
Scrolls
 e - 2 scrolls of fear
 k - 2 scrolls of remove curse
 l - a scroll of noise
 p - 2 scrolls of recharging
Potions
 d - 3 potions of brilliance
 i - a potion of curing {unknown}
 j - 2 potions of mutation {unknown}
 m - a potion of cure mutation {unknown}
 o - a potion of might {unknown}
 r - 2 potions of agility {unknown}
 s - a potion of flight
Books
 b - a book of Changes

   Spells                             Type                      Level
   a - Beastly Appendage              Transmutation                1
   b - Sticks to Snakes               Transmutation                2
   c - Spider Form                    Transmutation/Poison         3
   d - Ice Form                       Ice/Transmutation            4
   e - Blade Hands                    Transmutation                5
Comestibles
 c - 9 bread rations
 g - a meat ration
 h - a beef jerky


   Skills:
 - Level 4.0 Fighting
 - Level 2.0 Dodging
 + Level 5.0 Unarmed Combat
 - Level 2.0 Spellcasting
 * Level 4.4 Transmutations
 + Level 3.8 Poison Magic
 + Level 1.9 Invocations


You had 4 spell levels left.
You knew the following spells:

 Your Spells              Type           Power        Failure   Level  Hunger
a - Beastly Appendage     Trmt           ###...       2%          1    #......
b - Sticks to Snakes      Trmt           ###.....     4%          2    ##.....
c - Spider Form           Trmt/Pois      ###.......   10%         3    ###....


Dungeon Overview and Level Annotations

Branches:
Dungeon (7/15)             Temple (1/1) D:5

Altars:
Ashenzari
Cheibriados
Dithmenos
Elyvilon
Fedhas
Gozag
Kikubaaqudgha
Makhleb
Nemelex Xobeh
Okawaru
Pakellas
Qazlal
Ru
Trog
Vehumet
Xom
Yredelemnul
Zin
The Shining One

Shops:
D:7 [

Annotations:
D:6 Sigmund


Innate Abilities, Weirdness & Mutations

You cannot wear most types of armour.
You are amphibious.
You can wear up to eight rings at the same time.
You can use your tentacles to constrict eight enemies at once.
Your skin changes colour to match your surroundings (Stealth).
Your rubbery body absorbs attacks (AC +1).
One of your tentacles bears a large vicious spike.


Message History

A sheep comes into view.
You tentacle-slap the orc warrior but do no damage.
You squeeze the orc warrior.
The orc warrior is lightly wounded.
You constrict the orc warrior, but do no damage.
The orc warrior barely misses you.
You fail to use your ability.
You constrict the orc warrior, but do no damage.
The orc warrior hits you with a flail.
The sheep moves out of view.
The orc warrior hits you with a flail!!
Ouch! That really hurt!
* * * LOW HITPOINT WARNING * * *
A sheep comes into view.
Drink which item? (? for menu, Esc to quit)
It was a potion of flight.
You feel very buoyant.
You fly up into the air.
The sentinel's mark upon you fades away.
You constrict the orc warrior. The orc warrior hits you with a flail!
You die...

##### #...# #...#
#...# ##o.##
#####.
#pY.###.......
#o#.##.S..§...
#o#.....o.....
#@###..........#
#.# #..........#
#.# #..........#
#.# #..........
#.####........####
#..[..............
###............#.#
##......÷..>...#
##.............


You could see a human, an orc warrior, a sheep, an orc wizard and an orc.

Vanquished Creatures
  A crimson imp (D:7)
  A giant frog zombie (D:5)
  2 orc wizards
  An orc priest (D:6)
  2 jellies (D:5)
  A giant frog skeleton (D:5)
  2 iguanas
  5 worker ants
  6 gnolls (D:4)
  5 adders
  A dart slug (D:1)
  3 giant geckos
  6 orcs
  3 giant cockroaches
  7 goblins
  7 hobgoblins
  11 jackals
  5 kobolds
  4 quokkas
  2 ball pythons (D:3)
  5 bats
  3 giant newts
  9 rats
92 creatures vanquished.

Vanquished Creatures (collateral kills)
  An ogre (D:4)
  An iguana (D:4)
  Robin (D:3)
  3 gnolls (D:3)
  An adder (D:5)
  A worm (D:3)
  An orc (D:5)
  2 hobgoblins (D:3)
11 creatures vanquished.

Grand Total: 103 creatures vanquished

Notes
Turn   | Place    | Note
--------------------------------------------------------------
     0 | D:1      | Ijustatesigmund the Octopode Transmuter began the quest for the Orb.
     0 | D:1      | Reached XP level 1. HP: 13/13 MP: 3/3
   358 | D:1      | Reached XP level 2. HP: 18/18 MP: 5/5
   362 | D:1      | Learned a level 2 spell: Sticks to Snakes
   848 | D:2      | Reached XP level 3. HP: 21/24 MP: 6/6
   853 | D:2      | Learned a level 3 spell: Spider Form
  1012 | D:2      | Found a burning altar of Makhleb.
  1303 | D:2      | Reached skill level 1 in Poison Magic
  1405 | D:3      | Found a blossoming altar of Fedhas.
  1638 | D:3      | Reached XP level 4. HP: 29/29 MP: 2/7
  1642 | D:3      | Reached skill level 4 in Unarmed Combat
  1828 | D:3      | Found a glowing silver altar of Zin.
  1962 | D:3      | Noticed Robin
  1989 | D:3      | Killed Robin
  2116 | D:3      | Found a shattered altar of Ashenzari.
  2117 | D:3      | Found a basalt altar of Yredelemnul.
  2681 | D:4      | Noticed an ogre
  2690 | D:4      | Killed an ogre
  2690 | D:4      | Reached XP level 5. HP: 36/36 MP: 1/8
  3350 | D:4      | Reached XP level 6. HP: 28/42 MP: 6/9
  4268 | D:5      | Entered Level 5 of the Dungeon
  4282 | D:5      | Found a staircase to the Ecumenical Temple.
  4295 | Temple   | Entered the Ecumenical Temple
  4544 | Temple   | Became a worshipper of Cheibriados the Contemplative
  5239 | D:5      | Found a white marble altar of Elyvilon.
  5900 | D:5      | Reached XP level 7. HP: 38/47 MP: 7/10
  5931 | D:5      | Reached * piety under Cheibriados
  6204 | D:6      | Noticed Sigmund
  6260 | D:5      | Reached skill level 1 in Invocations
  6719 | D:7      | Reached skill level 5 in Unarmed Combat
  7028 | D:7      | Found Yscher's Armour Shop.
  7121 | D:7      | Noticed a human
  7124 | D:7      | Slain by an orc warrior

Vault maps used:
D:1:      lightli_arrival_quake, minmay_distorted
D:2:      lightli_temple_of_fire
D:3:      zin_statuary, gammafunk_temple_overflow_pools, fedhas_altar_1,
          uniq_robin
D:4:      first_bread, minmay_misc_feat_x
D:5:      elyvilon_altar_5, minmay_temple_entry_trees, minmay_misc_feat_cross
D:6:      uniq_sigmund
D:7:      kennysheep_mini, serial_shops, kennysheep_little_box, grunt_livestock
Temple:   minmay_temple_curvy_14

Skill      XL: |  1  2  3  4  5  6  7 |
---------------+----------------------+-----
Fighting       | 2 3 4 |  4.0
Poison Magic   | 1 2 3 |  3.8
Unarmed Combat | 4 5 |  5.0
Transmutations | 3 4 |  4.4
Invocations    | 1 |  1.9
Dodging        | |  2.0
Spellcasting   | |  2.0

Action                   |  1- 3 |  4- 6 |  7- 9 || total
-------------------------+-------+-------+-------++-------
Melee: Unarmed           |    77 |   111 |    58 ||   246
 Cast: Sticks to Snakes  |     3 |    23 |     8 ||    34
       Beastly Appendage |       |    14 |     4 ||    18
  Use: Scroll            |     7 |     6 |       ||    13
       Potion            |     1 |     3 |     1 ||     5
 Stab: Sleeping          |     7 |     1 |       ||     8
  Eat: Chunk             |     2 |    10 |       ||    12
       Pizza             |       |     1 |       ||     1
       Meat ration       |       |     1 |       ||     1
       Beef jerky        |       |       |     2 ||     2
